 Dungeon Crawl Stone Soup version 0.24.0-1-gfbc8707122 (webtiles) character file.

Game seed: 10255582495865649059, levelgen mode: deterministic

292146 Canard the Severer (level 19, -1/235 HPs)
             Began as a Demonspawn Berserker on Oct 26, 2019.
             Was a High Priest of Trog.
             Shot with an arrow by a deep elf master archer (3 damage)
             ... on level 3 of the Elven Halls.
             The game lasted 01:54:40 (29445 turns).

Canard the Severer (Demonspawn Berserker)          Turns: 29445, Time: 01:54:41

Health: -1/235     AC: 34    Str: 31    XL:     19   Next: 55%
Magic:  9/9        EV:  7    Int: 11    God:    Trog [*****.]
Gold:   3777       SH: 14    Dex: 15    Spells: 18/18 levels left

rFire    + + +     SeeInvis +   a - +6 broad axe (antimagic)
rCold    + + .     Gourm    .   V - +0 shield
rNeg     + . .     Faith    .   j - +0 crystal plate armour {rC+}
rPois    +         Spirit   .   G - +2 helmet {SInv}
rElec    .         Reflect  .   E - +2 ratskin cloak {+Rats rPois rN+ Str-1 Int-1 Dex+1}
rCorr    +         Harm     .   (no gloves)
MR       +....                  (boots unavailable)
Stlth    ..........             U - amulet of regeneration
HPRegen  2.89/turn              A - +4 ring of strength
MPRegen  0.11/turn              o - ring "Kejol" {+Fly rF+++ rC+ Int+2 Stlth+}

@: berserking, very quick
A: hooves 3, yellow scales 3, nightstalker 2, powered by death 2
}: 3/15 runes: decaying, abyssal, gossamer
a: Berserk, Trog's Hand, Brothers in Arms, Renounce Religion, Evoke Ratskin,
Evoke Flight


You were on level 3 of the Elven Halls.
You worshipped Trog.
Trog was extremely pleased with you.
You were very hungry.

You visited 7 branches of the dungeon, and saw 32 of its levels.
You visited the Abyss 1 time.
You also visited: Ice Cave.

You collected 4249 gold pieces.
You spent 472 gold pieces at shops.

Inventory:

Hand Weapons
 a - a +6 antimagic broad axe (weapon)
   (Trog gifted it to you on level 2 of the Elven Halls)
 b - a +3 broad axe of draining
   (Trog gifted it to you on level 2 of the Orcish Mines)
Missiles
 d - 8 atropa-tipped darts
 e - 6 javelins
 h - 4 throwing nets
 B - 13 curare-tipped darts
 Z - 8 silver javelins (quivered)
Armour
 j - a +0 crystal plate armour of cold resistance (worn)
   (You found it in an ice cave)
 l - +2 storm dragon scales {Bai Suzhen}
   (You found it on level 4 of the Spider Nest)
 u - a +0 large shield
   (You took it off Louise on level 3 of the Elven Halls)
 E - the +2 ratskin cloak (worn) {+Rats rPois rN+ Str-1 Int-1 Dex+1}
   (You bought it in a shop on level 2 of the Orcish Mines)

   It affects your strength (-1).
   It affects your intelligence (-1).
   It affects your dexterity (+1).
   It protects you from poison.
   It protects you from negative energy.
 G - a +2 helmet of see invisible (worn)
   (You found it on level 3 of the Swamp)
 V - a +0 shield (worn)
   (You found it on level 2 of the Spider Nest)
Jewellery
 o - the ring "Kejol" (right hand) {+Fly rF+++ rC+ Int+2 Stlth+}
   (You took it off a necromancer on level 2 of the Swamp)

   [ring of protection from cold]

   It affects your intelligence (+2).
   It renders you almost immune to fire.
   It protects you from cold.
   It lets you fly.
   It makes you more stealthy.
 w - an uncursed amulet of faith
   (You found it on level 3 of the Swamp)
 A - a +4 ring of strength (left hand)
   (You found it on level 6 of the Lair of Beasts)
 U - an amulet of regeneration (around neck)
   (You found it on level 6 of the Dungeon)
Wands
 g - a wand of acid (17)
   (You found it on level 2 of the Swamp)
 t - a wand of iceblast (22)
   (You found it on level 9 of the Dungeon)
 J - a wand of polymorph (9)
   (You found it on level 7 of the Dungeon)
 L - a wand of disintegration (12)
   (You found it on level 9 of the Dungeon)
 M - a wand of paralysis (19)
   (You found it on level 7 of the Dungeon)
 R - a wand of digging (18)
   (You found it on level 5 of the Lair of Beasts)
Scrolls
 f - 5 scrolls of fear
 i - 5 scrolls of magic mapping
 k - 12 scrolls of remove curse
 p - a scroll of summoning
 q - 3 scrolls of brand weapon
 x - 3 scrolls of enchant armour
 y - 8 scrolls of fog
 C - 10 scrolls of identify
 F - 12 scrolls of teleportation
 P - 2 scrolls of torment
 W - 2 scrolls of vulnerability
 X - a scroll of blinking
 Y - 5 scrolls of immolation
Potions
 n - 9 potions of might
 r - 2 potions of invisibility
 z - 13 potions of curing
 D - 3 potions of heal wounds
 H - 8 potions of mutation
 K - 9 potions of flight
 N - 5 potions of agility
 O - 7 potions of ambrosia
 S - 2 potions of haste
 T - 2 potions of resistance
Miscellaneous
 s - a phantom mirror
 v - a lamp of fire
   (You found it on level 1 of the Swamp)
 I - 4 sacks of spiders
 Q - a phial of floods
   (You found it on level 1 of the Swamp)
Comestibles
 c - 50 rations
 m - 2 chunks of flesh


   Skills:
 + Level 16.0 Fighting
 - Level 18.0 Axes
 - Level 11.0 Throwing
 + Level 14.1 Armour
 - Level 2.0 Dodging
 * Level 11.3 Shields
 - Level 12.0 Evocations


You had 18 spell levels left.
You didn't know any spells.
Your spell library was empty.

Dungeon Overview and Level Annotations

Branches:
Dungeon (12/15)            Temple (1/1) D:7            Lair (6/6) D:8
  Swamp (4/4) Lair:3       Spider (4/4) Lair:3        Slime (0/5) Lair:6
    Orc (2/2) D:11            Elf (3/3) Orc:2         IceCv (visited)

Altars:
Ashenzari
Cheibriados
Dithmenos
Elyvilon
Gozag
Ru
Sif Muna
Vehumet
Yredelemnul
Beogh

Shops:
D:6 *   D:7 ?   D:10 }   Orc:2 [*(:

Portals:
Trove: D:11 (give horn of Geryon)

Annotations:
Elf:1 2 transporters, Xihoome's ghost, veteran MiGl


Innate Abilities, Weirdness & Mutations

You have hooves in place of feet.
You are completely covered in yellow scales. (AC +4, rCorr)
You are significantly more attuned to the shadows.
You regenerate health from kills.


Message History

The deep elf master archer shoots an arrow.
You block the arrow.
There is an open door here.
You see here an arrow.
You hit the deep elf master archer. You kick the deep elf master archer!
The deep elf master archer is moderately wounded.
You miss the deep elf master archer.
Your kick misses the deep elf master archer.
The deep elf master archer is moderately wounded.
The deep elf master archer shoots an arrow.
The arrow hits you!
* * * LOW HITPOINT WARNING * * *
x2 Huge Dmg: -7%(-16hp) hp: 4%(9hp)
Your shield and crystal plate armour prevent you from hitting the deep elf master archer.
Your kick misses the deep elf master archer.
The deep elf master archer is moderately wounded.
The deep elf master archer shoots an arrow.
The arrow hits you!
* * * LOW HITPOINT WARNING * * *
You die...

..⌠...+..'## #.#
.).)..#...# #.#
().####...# #.#
)#######..# #.#
.......#..# #.#
.......+..# #.#
⌠..⌠...#.## #.#
.......'.'## #e#
.......###.#####@##
.####### ##'#..().##
...#### ##.......##
......#####.........##
..⌠..)..##....(...).^#
......#..........(...#
#...).+.##...........#
###...####)..........#
..##### #..)........#


You could see a deep elf master archer.

Vanquished Creatures
  Bai Suzhen (Spider:4)
  Nikola (Elf:3)
  3 deep elf blademasters (Elf:3)
  3 deep elf master archers (Elf:3)
  Gastronok (Lair:3)
  A thorn hunter (Swamp:4)
  2 tengu reavers (Abyss:3)
  4 deep elf sorcerers
  3 ghost moths (Spider:4)
  An orc warlord (Orc:2)
  3 emperor scorpions
  Louise (Elf:3)
  4 deep elf elementalists (Elf:3)
  A reaper (IceCv)
  7 deep elf demonologists (Elf:3)
  4 entropy weavers
  A dire elephant (Abyss:3)
  Azrael (Orc:2)
  7 deep elf annihilators
  A spark wasp (Spider:4)
  4 deep elf death magi (Elf:3)
  3 deep elf high priests (Elf:3)
  Harold (D:9)
  A rakshasa (Abyss:3)
  13 hydras
  3 ghost crabs
  6 shambling mangroves
  3 catoblepae (Lair:6)
  2 satyrs (Abyss:3)
  24 dancing weapons
  10 alligators
  2 two-headed ogres
  4 orc high priests
  14 death yaks
  2 spriggan berserkers (Swamp:4)
  17 deep elf knights
  A small abomination (Elf:3)
  A death drake (Swamp:2)
  A spriggan druid (Swamp:4)
  A spectral hydra (Swamp:2)
  6 deep elf archers
  13 swamp dragons
  3 orc knights (Orc:2)
  A phantasmal warrior (Swamp:2)
  A necromancer (Swamp:2)
  54 deep elf magi
  16 orb spiders
  24 wolf spiders
  6 oklob plants
  A cyclops (D:7)
  3 ugly things (Swamp:3)
  4 orc sorcerers
  4 manticores
  3 worldbinders (Abyss:3)
  3 elephants (Lair:3)
  3 moths of wrath
  2 ice statues (IceCv)
  A black mamba (Lair:6)
  3 torpor snails
  12 spiny frogs
  4 rime drakes
  2 komodo dragons
  12 ice devils
  8 demonic crawlers
  A freezing wraith (Swamp:2)
  4 swamp worm zombies (Swamp:2)
  3 ancient zymes (Abyss:3)
  A queen bee (Lair:3)
  4 trolls
  3 polar bears
  20 tyrant leeches
  30 jumping spiders
  26 hornets
  13 bog bodies
  4 alligator zombies (Swamp:2)
  11 blink frogs (Lair:4)
  10 hippogriffs
  3 slime creatures (Swamp:4)
  5 spectral swamp dragons (Swamp:2)
  5 air elementals
  66 redbacks
  Sigmund (D:3)
  9 spriggans
  30 tarantellas
  A vampire (D:10)
  6 water elementals
  3 wyverns (Lair:3)
  A wraith (Swamp:2)
  4 shadows
  5 basilisks
  4 tyrant leech zombies (Swamp:2)
  6 fire elementals
  61 yaks
  3 large abominations
  2 hungry ghosts
  16 vampire mosquitoes
  A steam dragon (D:11)
  6 wargs
  22 insubstantial wisps
  A soldier ant (D:9)
  17 swamp worms
  13 water moccasins
  14 porcupines
  3 spiny frog zombies (Swamp:2)
  3 hell hounds (Orc:2)
  33 orc warriors
  6 swamp drakes
  7 ice beasts
  3 sky beasts
  5 black bears
  A phantom (D:7)
  11 ogres
  15 wolves
  6 centaurs
  16 crocodiles
  6 big kobolds
  Blork the orc (Orc:2)
  9 bullfrogs
  5 earth elementals
  5 scorpions
  5 troll zombies (Swamp:2)
  A spriggan zombie (Swamp:2)
  36 killer bees
  7 wights
  3 electric eels
  A howler monkey (D:3)
  5 crimson imps
  3 hounds
  2 bullfrog skeletons
  7 centaur skeletons
  3 jellies
  18 orc priests
  25 orc wizards
  4 iguanas
  Terence (D:2)
  14 worker ants
  A hound skeleton (D:7)
  A worker ant zombie (D:7)
  12 adders
  2 shadow imps
  9 white imps
  8 ufetubi
  4 adder skeletons
  3 worms
  4 dart slugs
  4 leopard geckos
  63 orcs
  4 ball pythons
  8 bats
  6 giant cockroaches
  2 gnoll zombies (D:4)
  8 goblins
  10 hobgoblins
  10 jackals
  34 kobolds
  10 quokkas
  8 frilled lizards
  A quokka skeleton (D:4)
  6 rats
  4 crawling corpses (Elf:3)
  3 fungi
  4 plants
  A withered plant (Swamp:2)
1287 creatures vanquished.

Vanquished Creatures (collateral kills)
  A deep elf blademaster (Elf:2)
  A thorn hunter (Abyss:3)
  A revenant (Abyss:3)
  2 deep elf sorcerers
  An emperor scorpion (Spider:4)
  A deep elf annihilator (Elf:3)
  An eidolon (Abyss:3)
  9 hydras
  A rakshasa (Abyss:3)
  3 dancing weapons (Elf:2)
  A deep elf knight (Elf:2)
  2 swamp dragons (Swamp:4)
  2 deep elf magi (Elf:2)
  2 orb spiders (Spider:4)
  2 wolf spiders (Spider:4)
  A moth of wrath (Spider:4)
  A torpor snail (Spider:4)
  2 water nymphs (Abyss:3)
  A spiny frog (Lair:6)
  An orange demon (Abyss:3)
  2 hornets (Spider:4)
  A tyrant leech (Spider:4)
  A large abomination (Abyss:3)
  A bog body (Swamp:4)
  3 redbacks (Spider:4)
  A chaos spawn (Abyss:3)
  3 vampire mosquitoes (Swamp:4)
  A small abomination (Abyss:3)
  A neqoxec (Abyss:3)
  A swamp worm (Spider:4)
  3 swamp drakes (Swamp:4)
  A porcupine (Lair:1)
  3 wolves (Lair:1)
  5 killer bees (D:7)
  A quasit (Abyss:3)
  An orc priest (D:7)
  An orc wizard (D:7)
  2 orcs (D:7)
68 creatures vanquished.

Vanquished Creatures (others)
  A hydra (Swamp:2)
  2 deep elf knights (Elf:2)
  An orb spider (Spider:4)
  2 tyrant leeches
  A spriggan (Swamp:2)
  An earth elemental (Elf:2)
  An orc wizard (Elf:3)
  2 white imps (IceCv)
  2 ufetubi (IceCv)
  4 orcs
  2 fungi
  17 plants
  2 withered plants (Swamp:2)
38 creatures vanquished.

Grand Total: 1393 creatures vanquished

Notes
Turn   | Place    | Note
-------+----------+-------------------------------------------
     0 | D:1      | Canard the Demonspawn Berserker began the quest for the
                  | Orb.
     0 | D:1      | Reached XP level 1. HP: 18/18 MP: 1/1
    61 | D:1      | Reached skill level 3 in Axes
   319 | D:1      | Gained mutation: You regenerate a little health from kills.
                  | [demonic ancestry]
   319 | D:1      | Reached XP level 2. HP: 24/24 MP: 2/2
   484 | D:1      | Gained mutation: You are partially covered in yellow
                  | scales. (AC +2) [demonic ancestry]
   484 | D:1      | Reached XP level 3. HP: 25/29 MP: 3/3
   614 | D:1      | Reached ** piety under Trog
   656 | D:1      | Reached skill level 4 in Axes
  1006 | D:2      | Noticed Terence
  1019 | D:2      | Killed Terence
  1019 | D:2      | Reached XP level 4. HP: 35/35 MP: 4/4
  1273 | D:2      | Found a white marble altar of Elyvilon.
  1350 | D:2      | Found a radiant altar of Vehumet.
  1701 | D:2      | Found an opulent altar of Gozag.
  1786 | D:2      | Reached skill level 5 in Axes
  1942 | D:3      | Noticed Sigmund
  1953 | D:3      | Killed Sigmund
  1953 | D:3      | Reached skill level 6 in Axes
  1953 | D:3      | Gained mutation: You have large cloven feet. [demonic
                  | ancestry]
  1953 | D:3      | Reached XP level 5. HP: 41/41 MP: 5/5
  1953 | D:3      | Reached XP level 6. HP: 47/47 MP: 6/6
  2156 | D:3      | Reached *** piety under Trog
  2760 | D:4      | Found a snail-covered altar of Cheibriados.
  3011 | D:4      | Got a twisted ring mail
  3030 | D:4      | Reached skill level 7 in Axes
  3194 | D:4      | Gained mutation: You are mostly covered in yellow scales.
                  | (AC +3) [demonic ancestry]
  3194 | D:4      | Reached XP level 7. HP: 49/52 MP: 7/7
  3201 | D:4      | Found a basalt altar of Yredelemnul.
  3753 | D:4      | Reached skill level 8 in Axes
  3957 | D:5      | Entered Level 5 of the Dungeon
  3970 | D:5      | Reached XP level 8. HP: 60/60 MP: 8/8
  4196 | D:5      | Reached **** piety under Trog
  4935 | D:6      | Reached skill level 5 in Fighting
  4998 | D:6      | Reached skill level 9 in Axes
  5146 | D:6      | Gained mutation: You have hoof-like feet. [demonic
                  | ancestry]
  5146 | D:6      | Reached XP level 9. HP: 69/69 MP: 9/9
  5197 | D:6      | Found Aqoxaol's Lightly-Used Armoury.
  5582 | D:7      | Identified the +4 ring mail "Gojoodeq" {Regen+ Dex+4} (You
                  | found it on level 4 of the Dungeon)
  5686 | D:7      | Received a gift from Trog
  5859 | D:7      | Reached skill level 10 in Axes
  5940 | D:7      | Found Xownaanas's Magic Scroll Emporium.
  5959 | D:7      | Reached skill level 1 in Evocations
  6046 | D:7      | Received a gift from Trog
  6244 | D:7      | Noticed a cyclops
  6270 | D:7      | Killed a cyclops
  6270 | D:7      | Reached skill level 5 in Armour
  6446 | D:7      | Found a staircase to the Ecumenical Temple.
  6455 | Temple   | Entered the Ecumenical Temple
  6588 | D:8      | Reached XP level 10. HP: 65/79 MP: 12/12
  6746 | D:8      | Reached ***** piety under Trog
  6811 | D:8      | Found a staircase to the Lair.
  6836 | D:8      | Reached skill level 11 in Axes
  7016 | D:9      | Received a gift from Trog
  7177 | D:9      | Found a shadowy altar of Dithmenos.
  7297 | D:9      | Noticed Harold
  7313 | D:9      | Killed Harold
  7313 | D:9      | Reached skill level 12 in Axes
  7352 | D:9      | Gained mutation: You are completely covered in yellow
                  | scales. (AC +4, rCorr) [demonic ancestry]
  7352 | D:9      | Reached XP level 11. HP: 86/86 MP: 14/14
  7553 | D:9      | Noticed a two-headed ogre
  7554 | D:9      | Found a shattered altar of Ashenzari.
  7558 | D:9      | Killed a two-headed ogre
  7623 | D:9      | Got a polished hand axe
  7703 | D:9      | Reached skill level 5 in Evocations
  7760 | D:10     | Entered Level 10 of the Dungeon
  7848 | D:10     | Noticed a two-headed ogre
  7853 | D:10     | Killed a two-headed ogre
  7959 | D:10     | Found Rialoogor's Gadget Boutique.
  8442 | D:11     | Found a staircase to the Orcish Mines.
  8730 | D:11     | Found a portal to a secret trove of treasure.
  8903 | D:11     | Found an opulent altar of Gozag.
  9035 | D:12     | Noticed a four-headed hydra
  9046 | D:11     | Reached skill level 1 in Shields
  9132 | Lair:1   | Entered Level 1 of the Lair of Beasts
  9165 | Lair:1   | Found a frozen archway.
  9194 | IceCv    | Entered an ice cave
  9282 | IceCv    | Gained mutation: You are slightly more attuned to the
                  | shadows. [demonic ancestry]
  9282 | IceCv    | Reached XP level 12. HP: 91/96 MP: 16/16
  9586 | IceCv    | Received a gift from Trog
  9586 | IceCv    | Reached skill level 13 in Axes
  9648 | IceCv    | Noticed a reaper
  9656 | IceCv    | Killed a reaper
  9887 | Lair:1   | Noticed an eight-headed hydra
  9902 | Lair:1   | Killed an eight-headed hydra
  9902 | Lair:1   | Reached skill level 10 in Fighting
 10637 | Lair:2   | Reached skill level 14 in Axes
 10768 | Lair:2   | Identified the +3 hand axe "Lifebane" {speed, *Corrode
                  | Str+3 Stlth+} (You found it on level 9 of the Dungeon)
 11338 | Lair:3   | Noticed Gastronok
 11370 | Lair:3   | Killed Gastronok
 11370 | Lair:3   | Gained mutation: You regenerate health from kills. [demonic
                  | ancestry]
 11370 | Lair:3   | Reached XP level 13. HP: 104/104 MP: 16/18
 11896 | Lair:3   | Received a gift from Trog
 11982 | Lair:3   | Found a hole to the Spider Nest.
 12200 | Lair:3   | Found a staircase to the Swamp.
 12985 | Lair:4   | Received a gift from Trog
 13739 | Lair:5   | Reached skill level 10 in Armour
 14176 | Lair:6   | Entered Level 6 of the Lair of Beasts
 14209 | Lair:6   | Reached XP level 14. HP: 112/114 MP: 20/20
 14239 | Lair:6   | Found a staircase to the Slime Pits.
 14251 | Lair:6   | Reached skill level 15 in Axes
 15736 | Orc:1    | Entered Level 1 of the Orcish Mines
 15857 | Orc:2    | Entered Level 2 of the Orcish Mines
 15929 | Orc:2    | Reached skill level 16 in Axes
 16030 | Orc:2    | Noticed Azrael
 16050 | Orc:2    | Killed Azrael
 16717 | Orc:2    | Noticed an orc warlord
 16735 | Orc:2    | Received a gift from Trog
 16745 | Orc:2    | Killed an orc warlord
 16813 | Orc:2    | Found a roughly hewn altar of Beogh.
 16813 | Orc:2    | Noticed Blork the orc
 16815 | Orc:2    | Found Zorehuti's Book Shop.
 16821 | Orc:2    | Killed Blork the orc
 16831 | Orc:2    | Gained mutation: You have hooves in place of feet. [demonic
                  | ancestry]
 16831 | Orc:2    | Reached XP level 15. HP: 88/122 MP: 21/21
 17126 | Orc:2    | Found Jeighal's General Store.
 17157 | Orc:2    | Found Ebbow's Antique Weapon Shop.
 17172 | Orc:2    | Found Mayram's Antique Armour Shop.
 17179 | Orc:2    | Bought the +2 ratskin cloak {+Rats rPois rN+ Str-1 Int-1
                  | Dex+1} for 472 gold pieces
 17179 | Orc:2    | Found the +2 ratskin cloak {+Rats rPois rN+ Str-1 Int-1
                  | Dex+1}
 17279 | Orc:2    | Found a staircase to the Elven Halls.
 17390 | Elf:1    | Entered Level 1 of the Elven Halls
 17496 | Elf:1    | Noticed a deep elf sorcerer
 17510 | Elf:1    | Killed a deep elf sorcerer
 17778 | Swamp:1  | Entered Level 1 of the Swamp
 17993 | Swamp:1  | Received a gift from Trog
 18938 | Swamp:2  | You fall into a shaft and drop 1 floor!
 19001 | Swamp:3  | Reached skill level 17 in Axes
 19205 | Swamp:2  | Reached ****** piety under Trog
 19434 | Swamp:2  | Received a gift from Trog
 19454 | Swamp:2  | Identified the ring "Kejol" {+Fly rF+++ rC+ Int+2 Stlth+}
 19507 | Swamp:2  | Reached XP level 16. HP: 99/133 MP: 23/23
 19668 | Swamp:2  | Got a crude iron amulet
 19669 | Swamp:2  | Identified the amulet of Pyneeth {Gourm *Slow Int+4 Dex+3}
                  | (You found it on level 2 of the Swamp)
 20570 | Swamp:4  | Entered Level 4 of the Swamp
 20730 | Swamp:4  | Reached skill level 1 in Throwing
 20859 | Swamp:4  | Reached skill level 10 in Evocations
 20889 | Swamp:4  | Noticed a thorn hunter
 20898 | Swamp:4  | Killed a thorn hunter
 21066 | Swamp:4  | Reached skill level 18 in Axes
 21162 | Swamp:4  | Received a gift from Trog
 21349 | Swamp:4  | Got a decaying rune of Zot
 21741 | Spider:1 | Entered Level 1 of the Spider Nest
 21790 | Spider:1 | Reached skill level 5 in Throwing
 22319 | Spider:1 | Reached XP level 17. HP: 139/139 MP: 25/25
 22333 | Spider:1 | Received a gift from Trog
 23812 | Spider:3 | Received a gift from Trog
 23937 | Spider:3 | Identified a scroll of acquirement
 23959 | Spider:3 | Identified the amulet of Oreid {+Rage Int+5} (You acquired
                  | it on level 3 of the Spider Nest)
 24004 | Spider:3 | Identified the amulet of Cudoliex {Harm *Drain rPois Dex+4}
                  | (You found it on level 3 of the Spider Nest)
 24098 | Spider:4 | Entered Level 4 of the Spider Nest
 24372 | Spider:4 | Reached skill level 5 in Shields
 24411 | Spider:4 | Noticed Bai Suzhen
 24437 | Spider:4 | Killed Bai Suzhen
 24840 | Spider:4 | Received a gift from Trog
 24996 | Spider:4 | Got a gossamer rune of Zot
 25382 | Elf:1    | Found a transporter.
 25385 | Elf:1    | Found a transporter.
 25387 | Elf:1    | Identified the +3 rapier of Duodghat {vamp, rN+}
 25387 | Elf:1    | Identified the +10 rapier of Prudence {drain, Int+2 Dex+3
                  | Stlth-}
 25387 | Elf:1    | Noticed a deep elf blademaster
 25397 | Elf:1    | Noticed a deep elf blademaster
 25397 | Elf:1    | Noticed a deep elf master archer
 25397 | Elf:1    | Noticed a deep elf blademaster
 25398 | Elf:1    | Noticed Xihoome's ghost (veteran MiGl)
 25398 | Elf:1    | Identified the cursed +1 rapier of the Orb {pierce, rF+
                  | MR+}
 25398 | Elf:1    | Identified the cursed +1 quick blade of Traps {pierce,
                  | *Rage rN+ Dex+5}
 25398 | Elf:1    | Noticed a deep elf blademaster
 25398 | Elf:1    | Identified the +1 longbow of Kakhlel {venom, MR+}
 25398 | Elf:1    | Noticed a deep elf master archer
 25526 | Elf:1    | Reached XP level 18. HP: 144/147 MP: 27/27
 25876 | Elf:1    | Received a gift from Trog
 26653 | Elf:2    | Reached skill level 15 in Fighting
 26723 | Elf:2    | Found a huge runed translucent gate.
 26723 | Elf:2    | Found a huge runed translucent gate.
 26723 | Elf:2    | Found a huge runed translucent gate.
 26723 | Elf:2    | Found a huge runed translucent gate.
 26733 | Elf:2    | Found a huge runed translucent gate.
 26821 | Elf:2    | Found a shimmering blue altar of Sif Muna.
 27249 | Elf:2    | Reached skill level 10 in Throwing
 27355 | Elf:2    | Received a gift from Trog
 27807 | Elf:3    | Entered Level 3 of the Elven Halls
 27953 | Elf:3    | Noticed Louise
 27955 | Elf:3    | Cast into level 3 of the Abyss (Louise)
 28007 | Abyss:3  | Found a corrupted altar of Lugonu.
 28021 | Abyss:3  | Received a gift from Trog
 28072 | Abyss:3  | Got an abyssal rune of Zot
 28090 | Abyss:3  | Found a corrupted altar of Lugonu.
 28111 | Abyss:3  | Received a gift from Trog
 28140 | Elf:3    | Escaped the Abyss
 28159 | Elf:3    | Killed Louise
 28475 | Elf:3    | Noticed Nikola
 28491 | Elf:3    | Killed Nikola
 28587 | Elf:3    | Gained mutation: You are significantly more attuned to the
                  | shadows. [demonic ancestry]
 28587 | Elf:3    | Reached XP level 19. HP: 125/155 MP: 9/28
 28831 | Elf:3    | Noticed a Brimstone Fiend
 28856 | Elf:3    | Reached skill level 10 in Shields
 28963 | Elf:3    | Identified the +6 hand axe of Pydead {flame, Str+4}
 29070 | Elf:3    | Identified the +8 war axe of Grandeur {speed, Fragile rC+
                  | MR+++}
 29094 | Elf:3    | Received a gift from Trog
 29280 | Elf:3    | Identified the +10 scale mail of Creativity {rF+}
 29394 | Elf:3    | HP: 5/157 [deep elf high priest/damnation (35)]
 29444 | Elf:3    | HP: 9/235 [deep elf master archer/arrow (3)]
 29445 | Elf:3    | HP: 2/235 [deep elf master archer/arrow (8)]
 29445 | Elf:3    | Shot with an arrow by a deep elf master archer

Levels and vault maps discovered:
D:1:      evilmike_arrival_rings, layout_rooms
D:2:      minmay_evil_eye, layout_basic, vehumet_crystals, lemuel_round_altar,
          elyvilon_altar_5, uniq_terence
D:3:      layout_basic, uniq_sigmund
D:4:      layout_loops_ring, cheibriados_altar_1,
          lemuel_zombie_altar_yredelemnul, first_ration, nzn_random_ring
D:5:      layout_rooms, chequers_arboretum, item_on_display_a
D:6:      layout_basic, kennysheep_another_room, minmay_shop_damaged,
          minmay_a_box_with_orc_wizards_in_it
D:7:      minmay_chambers_of_fours, layout_loops_ring, lemuel_temple_firewalk_b,
          serial_shops, shop
D:8:      layout_rooms, minmay_lair_entry_grove
D:9:      layout_roguey, lemuel_round_altar, lemuel_crystal_altar,
          hangedman_pestilent_swarm, uniq_harold
D:10:     layout_gridville, serial_shops, shop
D:11:     layout_basic, david_orc_2, enter_trove_0, grunt_gozag_statues
D:12:     layout_rooms
Temple:   regret_index_temple_waves
Lair:1:   layout_big_grid, portal_ice_cave_demonic_guard, minivault_11,
          minmay_lair_oklob_items, serial_bayou_shore_a
Lair:2:   layout_cave_pods, grunt_megastairs_1
Lair:3:   regret_index_combs_of_tragedy, layout_big_grid,
          nicolae_swamp_entry_splash_gauntlet, spider_nest_entry_funnel_web,
          beast_lair_carwin_1, uniq_gastronok
Lair:4:   layout_big_grid, grunt_megastairs_2, wad_woods_river_01
Lair:5:   layout_regular_city, cheibrodos_lair_lostbears
Lair:6:   evilmike_catoblepas_cave, layout_loops_ring,
          minmay_slime_entry_oklob_open
Swamp:1:  layout_basic_swamp, wheals_swamp_sinkhole
Swamp:2:  cheibrodos_swamp_mausoleum, layout_basic_swamp,
          evilmike_swamp_ruin_house_5
Swamp:3:  layout_falls_marsh, evilmike_swamp_ruin_house_2
Swamp:4:  swamp_basic_johnstein, layout_basic_swamp
Spider:1: layout_spider_delve, drop_trap, nicolae_spider_shape
Spider:2: layout_spider_delve, drop_trap
Spider:3: layout_spider_delve, drop_trap
Spider:4: spider_rune_water, worms_lemuel, uniq_bai_suzhen
Orc:1:    layout_diamond_mine, nicolae_orc_tapped_out
Orc:2:    grunt_orc_cross, layout_caves, uniq_azrael
Elf:1:    eino_elf_arrival_the_gate, layout_geoelf_diagonals,
          gammafunk_ghost_wrathful_warriors, minmay_elf_annihilation
Elf:2:    layout_gridlike, basic_altar, hex_intersection
Elf:3:    minmay_elf_hall_furrowed, layout_geoelf_diagonals, grunt_megastairs_3,
          uniq_nikola, uniq_louise

Skill      XL: |  1  2  3  4  5  6  7  8  9 10 11 12 13 14 15 16 17 18 19 |
---------------+----------------------------------------------------------+-----
Axes           | 3 4 6 7 8 9 10 12 14 16 17 18 | 18.0
Armour         | 2 4 5 6 7 8 10 11 12 13 14 | 14.1
Fighting       | 6 7 8 9 10 11 12 14 15 16 | 16.0
Dodging        | 2 |  2.0
Evocations     | 3 4 6 8 9 11 12 | 12.0
Shields        | 2 4 6 9 11 | 11.3
Throwing       | 7 9 10 11 | 11.0

Action                   |  1- 3 |  4- 6 |  7- 9 | 10-12 | 13-15 | 16-18 | 19-21 || total
-------------------------+-------+-------+-------+-------+-------+-------+-------++-------
Melee: Hand axe          |    96 |   179 |   118 |       |       |       |       ||   393
       Kick              |       |    28 |   117 |   311 |   336 |   672 |    89 ||  1553
       War axe           |       |       |    53 |       |       |       |       ||    53
       Broad axe         |       |       |   220 |   810 |  1408 |  1751 |   244 ||  4433
Throw: Dart              |       |     2 |     2 |       |       |     1 |       ||     5
       Javelin           |       |       |       |       |       |    19 |     5 ||    24
Invok: Berserk           |     4 |     4 |     6 |     9 |    13 |     8 |     4 ||    48
       Brothers in Arms  |       |       |     1 |     1 |     6 |    12 |     4 ||    24
       Trog's Hand       |       |       |       |     1 |     3 |     3 |     3 ||    10
 Abil: Evoke Ratskin     |       |       |       |       |       |     2 |     1 ||     3
Evoke: Wand              |       |       |       |       |     9 |     2 |       ||    11
  Use: Scroll            |       |       |    17 |    10 |     6 |    12 |     1 ||    46
       Potion            |       |       |       |       |     1 |     2 |     3 ||     6
 Stab: Sleeping          |     1 |       |       |       |     1 |       |       ||     2
       Petrified         |       |       |       |       |     2 |       |       ||     2
       Distracted        |       |       |       |       |       |     3 |     1 ||     4
  Eat: Chunk             |     3 |    11 |    21 |    15 |    35 |    36 |     9 ||   130
       Ration            |       |       |       |     3 |     3 |     3 |       ||     9
Armor: Animal skin       |    30 |     3 |       |       |       |       |       ||    33
       Chain mail        |       |    75 |   132 |       |       |       |       ||   207
       Ring mail         |       |       |    69 |   338 |   316 |       |       ||   723
       Crystal plate arm |       |       |       |       |   694 |  1514 |   141 ||  2349
Dodge: Dodged            |    71 |    79 |   220 |   452 |   528 |   452 |    35 ||  1837
Block: Other             |       |       |     5 |       |       |       |       ||     5
       Buckler           |       |       |       |    87 |   311 |   228 |       ||   626
       Shield            |       |       |       |       |       |   311 |   133 ||   444
